 Dungeon Crawl Stone Soup version 0.19.0-1-g5985abe (webtiles) character file.

12980 tyranidshit the Fighter (level 11, -5/96 HPs)
             Began as a Demonspawn Abyssal Knight on Nov 2, 2016.
             Was the Champion of Lugonu.
             Slain by a blink frog (8 damage)
             ... on level 4 of the Lair of Beasts.
             The game lasted 00:28:27 (9354 turns).

tyranidshit the Fighter (Demonspawn Abyssal Knight) Turns: 9354, Time: 00:28:28

Health: -5/96      AC: 24    Str: 17    XL:     11   Next: 69%
Magic:  16/16      EV: 13    Int: 23    God:    Lugonu [******]
Gold:   730        SH:  0    Dex: 15    Spells: 0 memorised, 10 levels left

rFire  . . .     SeeInvis .     e - +5 war axe of the Yoke {protect, +Inv Int+4}
rCold  . . .     Gourm    .     N - +3 ring mail of Daisies {MR+ Str+2 Int+5 Dex-2}
rNeg   . . .     Faith    .     (no shield)
rPois  .         Spirit   .     (helmet restricted)
rElec  .         Reflect  .     i - +2 cloak
rCorr  .         Harm     .     J - +1 pair of gloves
MR     +....                    K - +0 pair of boots
Stlth  +.........               (no amulet)
                                y - +2 ring of evasion
                                I - +4 ring of dexterity

@: protection aura, drained
A: antennae 2, mutation resistance 1, powered by pain 1, spiny 2, sturdy frame 2
a: Depart the Abyss, Bend Space, Banish, Corrupt, Enter the Abyss, Brand Weapon
With Distortion, Renounce Religion, Evoke Invisibility


You were on level 4 of the Lair of Beasts.
You worshipped Lugonu.
Lugonu was exalted by your worship.
You were not hungry.

You visited 3 branches of the dungeon, and saw 15 of its levels.
You visited the Abyss 1 time.

You collected 730 gold pieces.

Inventory:

Hand Weapons
 a - a +2 hand axe
 e - the +5 war axe of the Yoke (weapon) {protect, +Inv Int+4}
   (You found it on level 3 of the Abyss)

   It protects the one who uses it against injury (+AC on strike).
   It affects your intelligence (+4).
   It lets you turn invisible.
 z - the +3 mace of Fate {vamp, rF- rC+ rN+ Int+4, unknown}
   (You found it on level 5 of the Dungeon)

   It inflicts no extra harm, but heals its wielder when it wounds a living foe.
   It affects your intelligence (+4).
   It makes you vulnerable to fire.
   It protects you from cold.
   It protects you from negative energy.
Armour
 i - a +2 cloak (worn)
 J - a +1 pair of gloves (worn)
 K - a +0 pair of boots (worn)
 M - +0 steam dragon scales
 N - the +3 ring mail of Daisies (worn) {MR+ Str+2 Int+5 Dex-2}
   (You found it on level 9 of the Dungeon)

   It affects your strength (+2).
   It affects your intelligence (+5).
   It affects your dexterity (-2).
   It affects your resistance to hostile enchantments.
Jewellery
 f - an uncursed ring of see invisible
 u - an uncursed ring of positive energy
 y - a +2 ring of evasion (right hand)
 I - a +4 ring of dexterity (left hand)
Wands
 l - a wand of confusion (26/48)
 p - a wand of disintegration (7/24)
 t - a wand of lightning (4/15)
 w - a wand of confusion (23/48)
 C - a wand of flame (29/48)
 H - a wand of paralysis (14/24)
Scrolls
 b - a scroll of remove curse
 g - 13 scrolls of identify
 h - 2 scrolls of blinking
 q - 5 scrolls of teleportation
 s - 9 scrolls of recharging
 A - a scroll of magic mapping
 D - 3 scrolls of fog
 E - 2 scrolls of enchant weapon
 F - 5 scrolls of amnesia
 O - a scroll of noise
Potions
 d - a potion of degeneration {unknown}
 k - 2 potions of agility
 n - 2 potions of ambrosia
 o - 7 potions of curing
 r - 3 potions of flight
 v - 2 potions of haste
Miscellaneous
 Q - a box of beasts
Comestibles
 j - 2 slices of pizza
 m - 5 beef jerkies
 x - 5 fruits
 G - 7 royal jellies


   Skills:
 + Level 12.5(12.2) Fighting
 + Level 7.5(7.2) Axes
 + Level 8.8(8.6) Armour
 - Level 0.8(0.6) Dodging
 - Level 7.1(6.9) Invocations
 - Level 5.1(4.8) Evocations


You had 10 spell levels left.
You didn't know any spells.

Dungeon Overview and Level Annotations

Branches:
Dungeon (10/15)            Temple (1/1) D:4            Lair (4/6) D:8
 Shoals (0/4) Lair:2          Orc (0/2) D:10
  Snake: Lair:2-4    Spider: Lair:2-4

Altars:
Ashenzari
Cheibriados
Dithmenos
Elyvilon
Fedhas
Gozag
Hepliaklqana
Kikubaaqudgha
Makhleb
Nemelex Xobeh
Okawaru
Qazlal
Ru
Sif Muna
Trog
Uskayaw
Vehumet
Xom
Yredelemnul
Zin
The Shining One

Shops:
D:4 *   D:5 :


Innate Abilities, Weirdness & Mutations

You have a pair of antennae on your head.
You sometimes gain a little power by taking damage.
You are mostly covered in sharp spines.
Your movements are less encumbered by armour. (ER -4)
You are somewhat resistant to further mutation.


Message History

You feel sick.
The blink frog blinks!
Unknown command.
You feel sick.
The blink frog is struck by your spines.
The blink frog hits you.
You feel better. The blink frog hits you!
The blink frog blinks! x2
You barely miss the blink frog.
The blink frog is lightly wounded.
You slash the blink frog!
Your weapon exudes an aura of protection.
The blink frog is struck by your spines.
The blink frog hits you!
* * * LOW HITPOINT WARNING * * *
The blink frog blinks!
The blink frog is struck by your spines.
The blink frog hits you!
* * * LOW HITPOINT WARNING * * *
The blink frog is struck by your spines.
The blink frog hits you!
You die...

.. #..#
..##...##
....(..#
#.....######P
#........... ##
#......#.##..#
##...§F......
#...F@.#†.#
##.F§F....#.#
#...<.........
#.....P....#...
#.....##.### .
.......## ##
......% ..P#.#.
.......


You could see 4 blink frogs.

Vanquished Creatures
  A hydra (Lair:2)
  Nergalle (Lair:3)
  Pikel (D:6)
  2 black mambas
  2 spiny frogs
  A rime drake (Lair:2)
  3 komodo dragons
  A queen bee (D:8)
  3 hippogriffs
  Prince Ribbit (D:6)
  Sigmund (D:6)
  A wyvern (D:8)
  9 yaks
  A steam dragon (D:10)
  6 water moccasins
  3 porcupines
  Duvessa (D:6)
  A sky beast (D:6)
  4 slaves (D:6)
  A black bear (D:6)
  A hornet zombie (D:8)
  6 ogres
  A phantom (D:10)
  A necrophage (D:7)
  A centaur (D:8)
  4 wolves (Lair:2)
  2 crocodiles
  A big kobold (D:7)
  8 bullfrogs
  2 wyvern zombies
  A water moccasin zombie (D:7)
  Dowan (D:6)
  3 scorpions
  20 killer bees (D:8)
  8 wights
  3 howler monkeys
  2 bullfrog zombies
  7 crimson imps
  A quasit (D:7)
  7 orc wizards
  7 orc priests
  8 hounds
  Jessica (D:2)
  Terence (D:2)
  An iguana (D:4)
  6 worker ants
  2 hound skeletons
  Robin (D:2)
  17 adders
  4 gnolls (D:2)
  2 adder skeletons
  A worm (D:6)
  3 dart slugs
  8 leopard geckos
  33 orcs
  17 bats
  6 giant cockroaches
  11 hobgoblins
  22 jackals
  4 quokkas
  2 ball pythons (D:1)
  2 frilled lizards
  10 goblins
  A jackal skeleton (D:7)
  10 kobolds
  2 leopard gecko skeletons
  8 rats
  4 fungi (D:8)
318 creatures vanquished.

Notes
Turn   | Place    | Note
-------+----------+-------------------------------------------
     0 | Abyss:1  | tyranidshit the Demonspawn Abyssal Knight began the quest for the Orb.
     0 | Abyss:1  | Reached XP level 1. HP: 18/18 MP: 2/2
    70 | Abyss:3  | Got a dazzling war axe
    72 | Abyss:3  | Identified the +5 war axe of the Yoke {protect, +Inv Int+4} (You found it on level 3 of the Abyss)
    82 | Abyss:3  | Noticed a naga mage
   116 | Abyss:4  | Noticed an Executioner
   117 | D:1      | Escaped the Abyss
   153 | D:1      | Reached * piety under Lugonu
   189 | D:1      | Gained mutation: You have a pair of small antennae on your head. [demonic ancestry]
   189 | D:1      | Reached XP level 2. HP: 19/24 MP: 3/3
   444 | D:1      | Reached skill level 4 in Fighting
   665 | D:1      | Gained mutation: You are partially covered in sharp spines. [demonic ancestry]
   665 | D:1      | Reached XP level 3. HP: 29/30 MP: 4/4
   767 | D:2      | Noticed Jessica
   772 | D:2      | Reached XP level 4. HP: 31/38 MP: 5/5
   776 | D:2      | Killed Jessica
   776 | D:2      | Reached skill level 5 in Fighting
   802 | D:2      | Reached ** piety under Lugonu
   857 | D:2      | Noticed Robin
   863 | D:2      | Killed Robin
   966 | D:2      | Gained mutation: Your movements are slightly less encumbered by armour. (ER -2) [demonic ancestry]
   966 | D:2      | Reached XP level 5. HP: 46/46 MP: 6/6
  1077 | D:2      | Found a hazy altar of Hepliaklqana.
  1101 | D:2      | Noticed Terence
  1103 | D:2      | Reached skill level 6 in Fighting
  1114 | D:2      | Killed Terence
  1157 | D:2      | Found a burning altar of Makhleb.
  1297 | D:2      | Found an iron altar of Okawaru.
  1298 | D:2      | Found a white marble altar of Elyvilon.
  1455 | D:3      | Found a faded altar of an unknown god.
  1499 | D:3      | Reached *** piety under Lugonu
  1620 | D:3      | Found a shattered altar of Ashenzari.
  1718 | D:3      | Gained mutation: You have a pair of antennae on your head. [demonic ancestry]
  1718 | D:3      | Reached XP level 6. HP: 16/53 MP: 7/7
  1721 | D:3      | Reached skill level 7 in Fighting
  2019 | D:4      | Found Afagas's General Store.
  2139 | D:4      | Reached skill level 8 in Fighting
  2142 | D:4      | Reached XP level 7. HP: 62/62 MP: 8/8
  2268 | D:4      | Found a staircase to the Ecumenical Temple.
  2398 | Temple   | Entered the Ecumenical Temple
  2509 | D:5      | Entered Level 5 of the Dungeon
  2515 | D:5      | Reached **** piety under Lugonu
  2570 | D:5      | Found Curo's Book Boutique.
  2649 | D:5      | Noticed a hippogriff
  2658 | D:5      | Reached skill level 9 in Fighting
  2661 | D:5      | Killed a hippogriff
  2711 | D:5      | Gained mutation: You are mostly covered in sharp spines. [demonic ancestry]
  2711 | D:5      | Reached XP level 8. HP: 25/72 MP: 9/9
  2859 | D:5      | Got a crystal mace
  2938 | D:5      | Reached skill level 10 in Fighting
  3044 | D:6      | Noticed Pikel
  3046 | D:6      | Noticed Sigmund
  3075 | D:6      | Killed Pikel
  3075 | D:6      | Reached skill level 11 in Fighting
  3113 | D:6      | Noticed Prince Ribbit
  3117 | D:6      | Killed Prince Ribbit
  3123 | D:6      | Killed Sigmund
  3172 | D:6      | Gained mutation: Your movements are less encumbered by armour. (ER -4) [demonic ancestry]
  3172 | D:6      | Reached XP level 9. HP: 70/81 MP: 12/12
  3188 | D:6      | Reached skill level 5 in Invocations
  3249 | D:6      | Noticed Dowan
  3250 | D:6      | Noticed Duvessa
  3257 | D:6      | Killed Duvessa
  3477 | D:6      | Killed Dowan
  3644 | D:7      | Reached ***** piety under Lugonu
  3747 | D:7      | Found an opulent altar of Gozag.
  4007 | D:7      | Reached skill level 5 in Armour
  4461 | D:8      | Found a staircase to the Lair.
  4489 | D:8      | Noticed a queen bee
  4491 | D:8      | Reached XP level 10. HP: 71/88 MP: 15/15
  4850 | D:8      | Found a sparkling altar of Nemelex Xobeh.
  4940 | D:8      | Reached skill level 5 in Axes
  5854 | D:9      | Got a heavily runed ring mail
  5868 | D:9      | Identified the +3 ring mail of Daisies {MR+ Str+2 Int+5 Dex-2} (You found it on level 9 of the Dungeon)
  5893 | D:9      | Identified a scroll of acquirement
  5896 | D:9      | Got a shimmering scale mail
  5907 | D:9      | Identified the +0 scale mail of the Peculiar Wonders {rN+} (You acquired it on level 9 of the Dungeon)
  6094 | D:9      | Found a white marble altar of Elyvilon.
  6264 | D:10     | Entered Level 10 of the Dungeon
  6275 | D:10     | Found a blossoming altar of Fedhas.
  6571 | D:10     | Reached ****** piety under Lugonu
  6683 | D:10     | Found a staircase to the Orcish Mines.
  6764 | Lair:1   | Entered Level 1 of the Lair of Beasts
  6890 | Lair:1   | Reached skill level 1 in Evocations
  7116 | Lair:1   | Noticed a spiny frog
  7124 | Lair:1   | Killed a spiny frog
  7124 | Lair:1   | Gained mutation: You sometimes gain a little power by taking damage. [demonic ancestry]
  7124 | Lair:1   | Reached XP level 11. HP: 39/93 MP: 16/16
  7141 | Lair:1   | Gained mutation: You are somewhat resistant to further mutation. [potion of mutation]
  8070 | Lair:2   | Noticed a four-headed hydra
  8075 | Lair:2   | Killed a four-headed hydra
  8075 | Lair:2   | Reached skill level 12 in Fighting
  8296 | Lair:2   | Found a staircase to the Shoals.
  8312 | Lair:2   | Reached skill level 5 in Evocations
  8964 | Lair:3   | Noticed Nergalle
  8977 | Lair:3   | Killed Nergalle
  9354 | Lair:4   | HP: 3/96 [blink frog (13)]
  9354 | Lair:4   | Slain by a blink frog

Skill      XL: |  1  2  3  4  5  6  7  8  9 10 11 |
---------------+----------------------------------+-----
Fighting       | 4 5 6 8 9 11 12 | 12.5
Armour         | 3 6 8 |  8.8
Invocations    | 4 7 |  7.1
Axes           | 4 7 |  7.5
Evocations     | 2 5 |  5.1
Dodging        | |  0.8

Action                   |  1- 3 |  4- 6 |  7- 9 | 10-12 || total
-------------------------+-------+-------+-------+-------++-------
Melee: War axe           |    54 |   110 |   194 |   290 ||   648
Invok: Depart the Abyss  |     1 |       |       |       ||     1
Evoke: Wand              |       |       |     3 |     7 ||    10
  Use: Scroll            |     2 |     6 |     7 |     7 ||    22
       Potion            |       |     5 |     3 |     3 ||    11
 Stab: Sleeping          |     1 |       |       |       ||     1
  Eat: Bread ration      |       |     1 |     1 |     4 ||     6
       Meat ration       |       |       |     1 |       ||     1
Armor: Leather armour    |    24 |       |       |       ||    24
       Ring mail         |     3 |    18 |       |    86 ||   107
       Chain mail        |       |    50 |   181 |    68 ||   299
Dodge: Dodged            |    49 |    65 |   132 |   193 ||   439
